| TOP OF THE 1ST |
|
Salem-Keizer Volcanoes batting - Pitching for Eugene Emeralds : RHP Carlos Zavala
|
|
Pitching: RHP Carlos Zavala
|
|
|
Batting: RHB Jonathan Reece
|
0-0: Called Strike 0-1: Foul Ball, location: 2F 0-2: Ball 1-2: Foul Ball, location: 2F 1-2: Foul Ball, location: 2F 1-2: Strikes out swinging
|
|
Batting: RHB Omar Jordan
|
0-0: Ball 1-0: Called Strike 1-1: Foul Ball, location: 2F 1-2: SOLO HOME RUN (Flyball, 8LXD, EV 106.9 MPH), Distance : 431 ft
|
|
Batting: LHB Gil Caraveo
|
0-0: Ball 1-0: Ball 2-0: Ground out 4-3 (Groundball, 4, EV 90.6 MPH)
|
|
Batting: RHB Justin Baldwin
|
0-0: Ball 1-0: Swinging Strike 1-1: Ball 2-1: SINGLE (Line Drive, 89M, EV 105.0 MPH)
|
|
Batting: RHB Cesar Martinez
|
0-0: Called Strike 0-1: Ball 1-1: Called Strike 1-2: Fly out, F7 (Flyball, 7LM, EV 96.2 MPH)
|
| Top of the 1st over - 1 run, 2 hits, 0 errors, 1 left on base; Salem-Keizer 1 - Eugene 0 |
| BOTTOM OF THE 1ST |
|
Eugene Emeralds batting - Pitching for Salem-Keizer Volcanoes : RHP Tong Huang
|
|
Pitching: RHP Tong Huang
|
|
|
Batting: RHB Du Kim
|
0-0: Called Strike 0-1: Called Strike 0-2: Foul Ball, location: 2F 0-2: Strikes out swinging
|
|
Batting: RHB Eric Wiss
|
0-0: Ball 1-0: Ball 2-0: Ball 3-0: Called Strike 3-1: Swinging Strike 3-2: Strikes out looking
|
|
Batting: RHB Taylor Garofalo
|
0-0: Ball 1-0: Foul Ball, location: 2F 1-1: Ball 2-1: Ground out 1-3 (Groundball, 15S, EV 69.4 MPH)
|
| Bottom of the 1st over - 0 runs, 0 hits, 0 errors, 0 left on base; Salem-Keizer 1 - Eugene 0 |
| TOP OF THE 2ND |
|
Salem-Keizer Volcanoes batting - Pitching for Eugene Emeralds : RHP Carlos Zavala
|
|
Batting: LHB John Whitman
|
0-0: Ball 1-0: Ball 2-0: Foul Ball, location: 2F 2-1: Called Strike 2-2: Ball 3-2: Base on Balls
|
|
Batting: RHB Dinand Brouwer
|
0-0: Ball 1-0: Ball 2-0: Ball 3-0: Foul Ball, location: 2F 3-1: Base on Balls John Whitman to second
|
|
Batting: RHB Gabe Ochoa
|
0-0: Ball 1-0: Ball 2-0: Fielders Choice at 2nd, 4-6 (Groundball, 4, EV 96.2 MPH) John Whitman to third
|
|
Batting: RHB Willie Sanchez
|
0-0: Fielders Choice at 2nd, 6-4 (Groundball, 56, EV 87.5 MPH) John Whitman scores
|
|
Batting: RHB Jonathan Reece
|
0-0: Ball 1-0: Fielders Choice at 2nd, 6-4 (Groundball, 6, EV 77.5 MPH)
|
| Top of the 2nd over - 1 run, 0 hits, 0 errors, 1 left on base; Salem-Keizer 2 - Eugene 0 |
| BOTTOM OF THE 2ND |
|
Eugene Emeralds batting - Pitching for Salem-Keizer Volcanoes : RHP Tong Huang
|
|
Batting: RHB Ryan Bush
|
0-0: Ball 1-0: Ball 2-0: Ground out 4-3 (Groundball, 4, EV 91.2 MPH)
|
|
Batting: RHB Bill Holmes
|
0-0: Ball 1-0: Called Strike 1-1: Ball 2-1: Ground out U3 (Groundball, 3, EV 88.1 MPH)
|
|
Batting: RHB Tim Long
|
0-0: Called Strike 0-1: Swinging Strike 0-2: Strikes out swinging
|
| Bottom of the 2nd over - 0 runs, 0 hits, 0 errors, 0 left on base; Salem-Keizer 2 - Eugene 0 |
| TOP OF THE 3RD |
|
Salem-Keizer Volcanoes batting - Pitching for Eugene Emeralds : RHP Carlos Zavala
|
|
Batting: RHB Omar Jordan
|
0-0: Foul Ball, location: 2F 0-1: Foul Ball, location: 2F 0-2: Foul Ball, location: 2F 0-2: Ball 1-2: Foul Ball, location: 2F 1-2: Strikes out swinging
|
|
Batting: LHB Gil Caraveo
|
0-0: Called Strike 0-1: Ball 1-1: SINGLE (Groundball, 23, EV 61.9 MPH) (infield hit)
|
|
Batting: RHB Justin Baldwin
|
0-0: Ball 1-0: Ball Gil Caraveo is caught stealing 2nd base 2-4 2-0: Ball 3-0: Called Strike 3-1: Ground out 5-3 (Groundball, 5, EV 80.6 MPH)
|
| Top of the 3rd over - 0 runs, 1 hit, 0 errors, 0 left on base; Salem-Keizer 2 - Eugene 0 |
| BOTTOM OF THE 3RD |
|
Eugene Emeralds batting - Pitching for Salem-Keizer Volcanoes : RHP Tong Huang
|
|
Batting: RHB Jerry Blas
|
0-0: Called Strike 0-1: Ball 1-1: Foul Ball, location: 2F 1-2: Strikes out swinging
|
|
Batting: RHB Josh Asch
|
0-0: Called Strike 0-1: Ball 1-1: Ball 2-1: Ground out 5-3 (Groundball, 56, EV 100.0 MPH)
|
|
Batting: RHB Jonathan Ridgely
|
0-0: Fly out, F3 (Line Drive, 34, EV 106.2 MPH)
|
| Bottom of the 3rd over - 0 runs, 0 hits, 0 errors, 0 left on base; Salem-Keizer 2 - Eugene 0 |
| TOP OF THE 4TH |
|
Salem-Keizer Volcanoes batting - Pitching for Eugene Emeralds : RHP Carlos Zavala
|
|
Batting: RHB Cesar Martinez
|
0-0: Ball 1-0: TRIPLE (Line Drive, 8RXD, EV 108.1 MPH)
|
|
Batting: LHB John Whitman
|
0-0: Called Strike 0-1: Ball 1-1: Ball 2-1: DOUBLE (Line Drive, 9LS, EV 94.4 MPH) Cesar Martinez scores
|
|
Batting: RHB Dinand Brouwer
|
0-0: Ball Passed Ball! John Whitman to third 1-0: Foul Ball, location: 2F 1-1: SINGLE (Groundball, 6MD, EV 93.8 MPH) John Whitman scores
|
|
Pitching: RHP Alvaro Romero
|
|
|
Batting: RHB Gabe Ochoa
|
0-0: Called Strike 0-1: Ball 1-1: Ball Wild Pitch! Dinand Brouwer to second 2-1: Fly out, F9 (Flyball, 9, EV 86.9 MPH)
|
|
Batting: RHB Willie Sanchez
|
0-0: Fly out, F9 (Line Drive, 89M, EV 93.1 MPH)
|
|
Batting: RHB Jonathan Reece
|
0-0: Foul Ball, location: 2F 0-1: 2-RUN HOME RUN (Flyball, 8LXD, EV 115.0 MPH), Distance : 434 ft
|
|
Batting: RHB Omar Jordan
|
0-0: SOLO HOME RUN (Flyball, 7D, EV 95.6 MPH), Distance : 359 ft
|
|
Batting: LHB Gil Caraveo
|
0-0: Ball 1-0: Swinging Strike 1-1: Fly out, F9 (Flyball, 89S, EV 73.1 MPH)
|
| Top of the 4th over - 5 runs, 5 hits, 0 errors, 0 left on base; Salem-Keizer 7 - Eugene 0 |
| BOTTOM OF THE 4TH |
|
Eugene Emeralds batting - Pitching for Salem-Keizer Volcanoes : RHP Tong Huang
|
|
Batting: RHB Du Kim
|
0-0: Called Strike 0-1: Fly out, F8 (Flyball, 8RD, EV 108.1 MPH)
|
|
Batting: RHB Eric Wiss
|
0-0: Swinging Strike 0-1: Ball 1-1: Foul Ball, location: 2F 1-2: Ground out 6-3 (Groundball, 56, EV 90.6 MPH)
|
|
Batting: RHB Taylor Garofalo
|
0-0: DOUBLE (Line Drive, 7LM, EV 108.1 MPH)
|
|
Batting: RHB Ryan Bush
|
0-0: Ball 1-0: Swinging Strike 1-1: SINGLE (Groundball, 6S, EV 65.6 MPH) (infield hit) Taylor Garofalo to third
|
|
Batting: RHB Bill Holmes
|
0-0: Ball Wild Pitch! Taylor Garofalo scores Ryan Bush to second 1-0: Called Strike 1-1: Foul Ball, location: 2F 1-2: Foul Ball, location: 2F 1-2: Foul Ball, location: 2F 1-2: SINGLE (Groundball, 4MD, EV 94.4 MPH) Ryan Bush to third Runner from 3rd tries for Home, SAFE, throw by CF to home
|
|
Batting: RHB Tim Long
|
0-0: Ball 1-0: Foul Ball, location: 2F 1-1: Foul Ball, location: 2F 1-2: Foul Ball, location: 2F 1-2: Ball 2-2: Foul Ball, location: 2F 2-2: Strikes out swinging
|
| Bottom of the 4th over - 2 runs, 3 hits, 0 errors, 1 left on base; Salem-Keizer 7 - Eugene 2 |
| TOP OF THE 5TH |
|
Salem-Keizer Volcanoes batting - Pitching for Eugene Emeralds : RHP Alvaro Romero
|
|
DELAY
|
Rain delay of 57 minutes in the 5th inning.
|
|
Batting: RHB Justin Baldwin
|
0-0: DOUBLE (Line Drive, 8RXD, EV 101.9 MPH)
|
|
Batting: RHB Cesar Martinez
|
0-0: Fly out, F9 (Flyball, 9S, EV 85.6 MPH)
|
|
Batting: LHB John Whitman
|
0-0: Ball 1-0: Ground out 4-3 (Groundball, 4, EV 90.0 MPH) Justin Baldwin to third
|
|
Batting: RHB Dinand Brouwer
|
0-0: Ball 1-0: Ball 2-0: Fly out, F8 (Flyball, 8LD, EV 103.8 MPH)
|
| Top of the 5th over - 0 runs, 1 hit, 0 errors, 1 left on base; Salem-Keizer 7 - Eugene 2 |
| BOTTOM OF THE 5TH |
|
Eugene Emeralds batting - Pitching for Salem-Keizer Volcanoes : RHP Tong Huang
|
|
Pitching: RHP Hiroaki Yazawa
|
|
|
Batting: RHB Jerry Blas
|
0-0: Ground out 5-3 (Groundball, 5S, EV 91.2 MPH)
|
|
Batting: RHB Josh Asch
|
0-0: Ball 1-0: Foul Ball, location: 2F 1-1: Ball 2-1: Ground out 2-3 (Groundball, 2R, EV 69.4 MPH)
|
|
Batting: RHB Jonathan Ridgely
|
0-0: Ball 1-0: Foul Ball, location: 2F 1-1: Swinging Strike 1-2: Foul Ball, location: 2F 1-2: Ball 2-2: Ball 3-2: Strikes out swinging
|
| Bottom of the 5th over - 0 runs, 0 hits, 0 errors, 0 left on base; Salem-Keizer 7 - Eugene 2 |
| TOP OF THE 6TH |
|
Salem-Keizer Volcanoes batting - Pitching for Eugene Emeralds : RHP Alvaro Romero
|
|
Batting: RHB Gabe Ochoa
|
0-0: Ground out 3-1 (Groundball, 34, EV 104.4 MPH)
|
|
Batting: RHB Willie Sanchez
|
0-0: Ground out 3-1 (Groundball, 34S, EV 68.8 MPH)
|
|
Batting: RHB Jonathan Reece
|
0-0: Ball 1-0: Ball 2-0: Called Strike 2-1: Foul Ball, location: 2F 2-2: Hit by Pitch
|
|
Batting: RHB Omar Jordan
|
0-0: Ball Jonathan Reece steals 2nd base 1-0: Ball 2-0: Ball 3-0: Base on Balls
|
|
Batting: LHB Gil Caraveo
|
0-0: Ball Wild Pitch! Jonathan Reece to third Omar Jordan to second 1-0: Ball Wild Pitch! Jonathan Reece scores Omar Jordan to third 2-0: TRIPLE (Flyball, 78XD, EV 95.6 MPH) Omar Jordan scores
|
|
Batting: RHB Justin Baldwin
|
0-0: SINGLE (Groundball, 6S, EV 73.8 MPH) (infield hit) Gil Caraveo scores
|
|
Batting: RHB Cesar Martinez
|
0-0: Called Strike 0-1: Foul Ball, location: 2F 0-2: Foul Ball, location: 2F 0-2: Strikes out swinging
|
| Top of the 6th over - 3 runs, 2 hits, 0 errors, 1 left on base; Salem-Keizer 10 - Eugene 2 |
| BOTTOM OF THE 6TH |
|
Eugene Emeralds batting - Pitching for Salem-Keizer Volcanoes : RHP Hiroaki Yazawa
|
|
Batting: RHB Du Kim
|
0-0: Ball 1-0: Ball 2-0: Called Strike 2-1: Foul Ball, location: 2F 2-2: Ball 3-2: Reached on error, E6 (Groundball, 6, EV 84.4 MPH)
|
|
Batting: RHB Eric Wiss
|
0-0: Ball Du Kim steals 2nd base 1-0: Ball 2-0: Called Strike 2-1: Ground out 6-3 (Groundball, 6S, EV 91.2 MPH) Du Kim to third
|
|
Batting: RHB Taylor Garofalo
|
0-0: Called Strike 0-1: Ground out 4-3 (Groundball, 34, EV 84.4 MPH) Du Kim scores
|
|
Batting: RHB Ryan Bush
|
0-0: Foul Ball, location: 2F 0-1: Ball 1-1: Foul Ball, location: 2F 1-2: Ball 2-2: Strikes out swinging
|
| Bottom of the 6th over - 1 run, 0 hits, 1 error, 0 left on base; Salem-Keizer 10 - Eugene 3 |
| TOP OF THE 7TH |
|
Salem-Keizer Volcanoes batting - Pitching for Eugene Emeralds : RHP Alvaro Romero
|
|
Batting: LHB John Whitman
|
0-0: Ball 1-0: Ball 2-0: Ball 3-0: Base on Balls
|
|
Batting: RHB Dinand Brouwer
|
Balk! John Whitman to second 0-0: Ball 1-0: DOUBLE (Line Drive, 78M, EV 93.1 MPH) John Whitman scores
|
|
Batting: RHB Gabe Ochoa
|
0-0: Foul Ball, location: 2F 0-1: DOUBLE (Line Drive, 89M, EV 98.1 MPH) Dinand Brouwer scores
|
|
Batting: RHB Willie Sanchez
|
0-0: Fly out, F6 (Popup, P, EV 83.1 MPH)
|
|
Batting: RHB Jonathan Reece
|
0-0: Ball 1-0: Ground out 4-3 (Groundball, 34, EV 91.2 MPH) Gabe Ochoa to third
|
|
Batting: RHB Omar Jordan
|
0-0: Ball Wild Pitch! Gabe Ochoa scores 1-0: Ball 2-0: Ball 3-0: Called Strike 3-1: Swinging Strike 3-2: Base on Balls
|
|
Batting: LHB Gil Caraveo
|
0-0: Swinging Strike 0-1: Ball 1-1: Swinging Strike 1-2: Ball 2-2: Ball 3-2: Base on Balls Omar Jordan to second
|
|
Batting: RHB Justin Baldwin
|
0-0: SINGLE (Line Drive, 7LS, EV 100.6 MPH) Omar Jordan to third Gil Caraveo to second Runner from 3rd tries for Home, SAFE, throw by LF to home
|
|
Batting: RHB Cesar Martinez
|
0-0: Called Strike 0-1: Foul Ball, location: 2F 0-2: Fly out, F8 (Flyball, 8LM, EV 88.1 MPH)
|
| Top of the 7th over - 4 runs, 3 hits, 0 errors, 2 left on base; Salem-Keizer 14 - Eugene 3 |
| BOTTOM OF THE 7TH |
|
Eugene Emeralds batting - Pitching for Salem-Keizer Volcanoes : RHP Hiroaki Yazawa
|
|
Batting: RHB Bill Holmes
|
0-0: Called Strike 0-1: Ball 1-1: Swinging Strike 1-2: Strikes out swinging
|
|
Batting: RHB Tim Long
|
0-0: Called Strike 0-1: Ball 1-1: Foul Ball, location: 2F 1-2: Strikes out swinging
|
|
Batting: RHB Jerry Blas
|
0-0: Called Strike 0-1: Ball 1-1: Foul Ball, location: 2F 1-2: Ball 2-2: SINGLE (Groundball, 13, EV 81.2 MPH) (infield hit)
|
|
Batting: RHB Josh Asch
|
0-0: Ball 1-0: Foul Ball, location: 2F 1-1: Foul Ball, location: 2F 1-2: Ball 2-2: Fielders Choice at 2nd, 6-4 (Groundball, 56, EV 88.1 MPH)
|
| Bottom of the 7th over - 0 runs, 1 hit, 0 errors, 1 left on base; Salem-Keizer 14 - Eugene 3 |
| TOP OF THE 8TH |
|
Salem-Keizer Volcanoes batting - Pitching for Eugene Emeralds : RHP Alvaro Romero
|
|
Batting: LHB John Whitman
|
0-0: Ball 1-0: Ground out U3 (Groundball, 34S, EV 70.6 MPH)
|
|
Batting: RHB Dinand Brouwer
|
0-0: Foul Ball, location: 2F 0-1: Ball 1-1: Swinging Strike 1-2: Ball 2-2: Ball 3-2: Foul Ball, location: 2F 3-2: Foul Ball, location: 2F 3-2: Base on Balls
|
|
Pinch Hitting: RHB Devin Lowery
|
0-0: Fly out, F8 (Flyball, 8RD, EV 93.8 MPH)
|
|
Batting: RHB Willie Sanchez
|
0-0: Ball 1-0: Fly out, F9 (Flyball, 9LM, EV 94.4 MPH)
|
| Top of the 8th over - 0 runs, 0 hits, 0 errors, 1 left on base; Salem-Keizer 14 - Eugene 3 |
| BOTTOM OF THE 8TH |
|
Eugene Emeralds batting - Pitching for Salem-Keizer Volcanoes : RHP Hiroaki Yazawa
|
|
Now at 2B: Devin Lowery
|
|
|
Now at SS: Willie Sanchez
|
|
|
Batting: RHB Jonathan Ridgely
|
0-0: Ball 1-0: Foul Ball, location: 2F 1-1: Ball 2-1: SINGLE (Groundball, 6MD, EV 107.5 MPH)
|
|
Pitching: RHP Mike Flynn
|
|
|
Batting: RHB Du Kim
|
0-0: Ball 1-0: Ball 2-0: Ball 3-0: Called Strike 3-1: Fly out, F8 (Flyball, 8LD, EV 101.2 MPH)
|
|
Batting: RHB Eric Wiss
|
0-0: Called Strike 0-1: Ball 1-1: Ground out 6-3 (Groundball, 6D, EV 103.1 MPH) Jonathan Ridgely to second
|
|
Batting: RHB Taylor Garofalo
|
0-0: Called Strike 0-1: Ball 1-1: Foul Ball, location: 2F 1-2: Ground out 6-3 (Groundball, 56, EV 86.2 MPH)
|
| Bottom of the 8th over - 0 runs, 1 hit, 0 errors, 1 left on base; Salem-Keizer 14 - Eugene 3 |
| TOP OF THE 9TH |
|
Salem-Keizer Volcanoes batting - Pitching for Eugene Emeralds : RHP Alvaro Romero
|
|
Batting: RHB Jonathan Reece
|
0-0: Foul Ball, location: 2F 0-1: SINGLE (Flyball, 89S, EV 89.4 MPH)
|
|
Batting: RHB Omar Jordan
|
0-0: Ball 1-0: Ball 2-0: Ball 3-0: Base on Balls Jonathan Reece to second
|
|
Pinch Hitting: RHB Sam Smith
|
0-0: Swinging Strike 0-1: Ball 1-1: Ball 2-1: Ball 3-1: Base on Balls Jonathan Reece to third Omar Jordan to second
|
|
Pinch Hitting: RHB Micah McErlean
|
0-0: Called Strike 0-1: Ball 1-1: Fielders Choice at 2nd, 6-4 (Groundball, 6M, EV 106.9 MPH) Jonathan Reece scores Omar Jordan to third
|
|
Batting: RHB Cesar Martinez
|
0-0: TRIPLE (Flyball, 78XD, EV 96.9 MPH) Omar Jordan scores Micah McErlean scores
|
|
Batting: LHB John Whitman
|
Balk! Cesar Martinez scores 0-0: DOUBLE (Line Drive, 7LM, EV 95.0 MPH)
|
|
Batting: RHB Dinand Brouwer
|
0-0: Ball 1-0: Called Strike 1-1: Foul Ball, location: 2F 1-2: Ball 2-2: 2-RUN HOME RUN (Flyball, 78XD, EV 102.5 MPH), Distance : 384 ft
|
|
Batting: RHB Devin Lowery
|
0-0: Swinging Strike 0-1: Called Strike 0-2: Foul Ball, location: 2F 0-2: Strikes out swinging
|
|
Batting: RHB Willie Sanchez
|
0-0: Swinging Strike 0-1: Ball 1-1: DOUBLE (Groundball, 5L, EV 96.2 MPH)
|
|
Batting: RHB Jonathan Reece
|
0-0: Ball 1-0: Foul Ball, location: 2F 1-1: Fly out, F6 (Popup, 6S, EV 63.1 MPH)
|
| Top of the 9th over - 6 runs, 5 hits, 0 errors, 1 left on base; Salem-Keizer 20 - Eugene 3 |
| BOTTOM OF THE 9TH |
|
Eugene Emeralds batting - Pitching for Salem-Keizer Volcanoes : RHP Mike Flynn
|
|
Now at C: Micah McErlean
|
|
|
Now at 1B: Sam Smith
|
|
|
Batting: RHB Ryan Bush
|
0-0: Ball 1-0: Ball 2-0: Foul Ball, location: 2F 2-1: Ball 3-1: Called Strike 3-2: Fly out, F5 (Popup, 5SF, EV 85.0 MPH)
|
|
Batting: RHB Bill Holmes
|
0-0: Ground out U3 (Groundball, 34, EV 104.4 MPH)
|
|
Batting: RHB Tim Long
|
0-0: Called Strike 0-1: Ball 1-1: Foul Ball, location: 2F 1-2: Foul Ball, location: 2F 1-2: Ground out 6-3 (Groundball, 6, EV 108.1 MPH)
|
| Bottom of the 9th over - 0 runs, 0 hits, 0 errors, 0 left on base; Salem-Keizer 20 - Eugene 3 |
|